 Dungeon Crawl Stone Soup version 0.20.0-8-g6b59dc7 (webtiles) character file.

170180 KristoblXynda the Thaumaturge (level 17, -8/136 HPs)
             Began as a White Draconian Artificer on June 2, 2017.
             Was the Champion of Ashenzari.
             Mangled by a hornet (9 damage)
             ... created by a shambling mangrove
             ... while paralysed by a hornet
             ... on level 4 of the Swamp.
             The game lasted 02:15:48 (38518 turns).

KristoblXynda the Thaumaturge (DrAr)               Turns: 38518, Time: 02:15:49

Health: -8/136     AC: 18    Str: 19    XL:     17   Next: 11%
Magic:  28/33      EV:  2    Int: 19    God:    Ashenzari [******]
Gold:   801        SH:  0    Dex: 14    Spells: 27/41 levels left

rFire    + . .     SeeInvis +   C - +4 rapier (flame) (curse)
rCold    + . .     Gourm    .   b - +3 shield {reflect} (curse)
rNeg     . . .     Faith    .   (armour unavailable)
rPois    +         Spirit   .   B - +0 hat of Decompression {SInv} (curse)
rElec    .         Reflect  +   L - +2 cloak {rF+} (curse)
rCorr    .         Harm     .   a - +2 pair of gloves (curse)
MR       +....     Clarity  +   y - +2 pair of boots (curse)
Stlth    ++++++....             (no amulet)
Regen    0.4/turn               o - +3 ring of evasion (curse)
MPRegen  0.3/turn               t - +5 ring of intelligence (curse)

@: paralysed
A: breathe frost, unfitting armour, stinger 1, cold resistance 1, poison
resistance, strong 1, cold-blooded, AC +9
}: 1/15 runes: decaying
a: Breathe Frost, Curse Item, Scrying, Transfer Knowledge, Renounce Religion


You were on level 4 of the Swamp.
You worshipped Ashenzari.
Ashenzari was exalted by your worship.
You were not hungry.

You visited 5 branches of the dungeon, and saw 26 of its levels.
You visited the Abyss 1 time.
You also visited: Sewer, Ossuary and Volcano.

You collected 2542 gold pieces.
You spent 1741 gold pieces at shops.

Inventory:

Hand Weapons
 q - a +2 quick blade of flaming
 C - a cursed +4 rapier of flaming (weapon)
Missiles
 j - a throwing net (quivered)
Armour
 a - a cursed +2 pair of gloves (worn)
 b - a cursed +3 shield of reflection (worn)
 y - a cursed +2 pair of boots (worn)
 B - the cursed +0 hat of Decompression (worn) {SInv}
   (You bought it in a shop on level 2 of the Orcish Mines)

   It lets you see invisible.
   It has a curse placed upon it.
 L - a cursed +2 cloak of fire resistance (worn)
Jewellery
 o - a cursed +3 ring of evasion (left hand)
 t - a cursed +5 ring of intelligence (right hand)
Wands
 h - a wand of iceblast (5/15)
 l - a wand of clouds (5/9)
 m - a wand of digging (5/24)
Scrolls
 d - 2 scrolls of magic mapping
 i - a scroll of remove curse
 n - a scroll of recharging
 s - a scroll of amnesia
 F - a scroll of brand weapon
 G - 2 scrolls of immolation
 J - 2 scrolls of identify
Potions
 e - 5 potions of agility
 g - 2 potions of ambrosia
 k - 3 potions of mutation
 p - 8 potions of brilliance
 w - 5 potions of flight
 z - 3 potions of lignification
 I - 3 potions of cancellation
 Q - 2 potions of magic
Miscellaneous
 c - a phial of floods
 E - a lightning rod (3/4)
 P - a crystal ball of energy
Comestibles
 f - 21 bread rations
 r - 22 meat rations
 A - 11 royal jellies


   Skills:
 + Level 8.4 Fighting
 - Level 10.6(14.8) Short Blades
 - Level 8.8(13.2) Dodging
 - Level 10.6(14.8) Stealth
 + Level 12.2(14.9) Shields
 + Level 12.8 Spellcasting
 - Level 7.4(10.4) Conjurations
 - Level 7.0(10.1) Hexes
 - Level 6.6(9.7) Charms
 - Level 4.6(7.5) Necromancy
 - Level 5.4(8.4) Air Magic
 - Level 10.5(13.3) Evocations


You had 27 spell levels left.
You knew the following spells:

 Your Spells              Type           Power        Failure   Level  Hunger
a - Regeneration          Chrm/Necr      #####.....   1%          3    None
b - Lightning Bolt        Conj/Air       #####.....   3%          5    ####...
c - Confuse               Hex            ######..     1%          3    None
d - Spectral Weapon       Hex/Chrm       #####...     1%          3    None


Dungeon Overview and Level Annotations

Branches:
Dungeon (13/15)            Temple (1/1) D:7            Lair (6/6) D:11
  Swamp (4/4) Lair:4       Spider (0/4) Lair:4        Slime (0/5) Lair:5
    Orc (2/2) D:11            Elf (0/3) Orc:2
 Vaults: D:13-14

Altars:
Ashenzari
Cheibriados
Dithmenos
Elyvilon
Fedhas
Gozag
Hepliaklqana
Kikubaaqudgha
Makhleb
Nemelex Xobeh
Okawaru
Qazlal
Ru
Sif Muna
Trog
Uskayaw
Vehumet
Xom
Yredelemnul
Zin
The Shining One
Beogh
Jiyva

Shops:
D:8 =   D:11 (   D:12 (   Orc:1 [!:?   Orc:2 :[:?(

Annotations:
D:3 greprep's ghost, amateur OgSk


Innate Abilities, Weirdness & Mutations

You can breathe waves of freezing cold.
You can buffet flying creatures when you breathe cold.
Your icy white scales are hard. (AC +9)
You cannot fit into any form of body armour.
Your flesh is cold resistant. (rC+)
You are cold-blooded and may be slowed by cold attacks.
Your tail ends in a poisonous barb.
Your system is resistant to poisons. (rPois)
Your muscles are strong. (Str +2)


Message History

You puncture the hornet! You burn the hornet.
The hornet is moderately wounded.
You block the hornet's attack. x2
You hit the hornet but do no damage.
The hornet is moderately wounded.
Your spectral weapon hits the hornet.
Your spectral weapon burns the hornet.
The hornet stings you!
* * * LOW HITPOINT WARNING * * *
You suddenly lose the ability to move!
The hornet stings you.
* * * LOW HITPOINT WARNING * * *
You shrug off the repeated paralysis!
The hornet stings you.
* * * LOW HITPOINT WARNING * * *
You feel yourself slow down. The hornet stings you.
* * * LOW HITPOINT WARNING * * *
You feel yourself speed up. The hornet stings you.
* * * LOW HITPOINT WARNING * * *
The hornet stings you!
You die...

≈.≈..≈≈≈♣♣♣♣.≈≈≈≈≈≈≈.≈≈♣
..≈≈§≈≈.≈.≈.≈≈≈≈....♣♣♣♣
≈≈.≈≈≈≈.≈.≈≈≈≈≈≈≈≈..≈♣♣
♣.§≈≈≈≈....≈≈§≈≈≈≈..§≈♣♣
♣≈≈≈.≈♣♣..≈≈...≈≈≈...≈≈♣♣
≈.≈≈.≈≈.≈≈≈.♣♣♣♣.§≈.≈.≈.♣
...♣♣=..≈≈≈.♣ ♣♣.≈≈.♣≈..♣
.♣♣♣♣♣♣♣♣≈.♣♣
♣§.y(♣♣♣♣♣♣♣♣♣♣ ♣♣ ♣♣♣♣
♣♣@y.≈♣♣§♣♣.(≈♣
♣.§.≈♣....≈≈≈♣
♣§..♣.≈≈≈≈≈≈≈♣
♣♣♣[≈.≈≈≈≈.♣♣♣ ♣♣♣♣♣♣♣♣♣
♣≈..≈≈≈≈♣♣♣ ....≈≈≈≈#####
♣.≈≈♣♣♣≈♣♣ '#.#..###...##
♣.≈)..♣..♣♣♣
≈....≈.#.....#
♣♣≈...≈....♣
..≈≈P..#..|..#
♣♣≈.≈.♣♣♣.♣♣


You could see 2 hornets and a friendly spectral rapier of flaming.

Vanquished Creatures
  Nikola (Swamp:1)
  Jorgrun (Swamp:3)
  Donald (Orc:2)
  Kirke (Swamp:1)
  2 thorn hunters
  An orc warlord (Orc:2)
  Louise (Swamp:4)
  A very ugly thing (Swamp:3)
  Josephine (Orc:1)
  Erolcha (D:10)
  An ice dragon (Lair:6)
  29 hydras
  A catoblepas (Lair:6)
  8 alligators
  4 ogre magi (Orc:2)
  12 death yaks
  7 two-headed ogres
  An orc high priest (Orc:1)
  A sun demon (Volcano)
  Sonja (Lair:3)
  A hell knight (Volcano)
  2 unseen horrors
  2 spriggan druids (Swamp:4)
  13 swamp dragons
  2 lindwurms (Lair:6)
  A necromancer (Lair:5)
  2 orc knights
  A shambling mangrove (Swamp:4)
  6 orc sorcerers (Orc:2)
  A wolf spider (Lair:4)
  2 deep elf magi (D:13)
  2 centaur zombies
  4 ugly things
  A moth of wrath (D:9)
  4 cyclopes
  Joseph (D:7)
  11 elephants (Lair:6)
  A water nymph (D:9)
  5 black mambas
  31 spiny frogs
  5 torpor snails (Lair:6)
  A gargoyle (D:13)
  8 komodo dragons
  3 rime drakes
  9 trolls
  A queen bee (Lair:1)
  3 red devils (Volcano)
  6 tyrant leeches
  2 jumping spiders (Lair:4)
  9 polar bears (Lair:6)
  12 slime creatures
  Prince Ribbit (Lair:3)
  A meliai zombie (D:13)
  20 hornets
  14 hippogriffs
  3 dream sheep
  17 blink frogs
  16 bog bodies
  2 raiju (Lair:6)
  5 wraiths
  3 shadows
  2 redbacks (Lair:4)
  12 spriggans
  31 yaks
  2 wyverns
  2 vampires
  Grum (D:9)
  A basilisk (Lair:5)
  A hog (Swamp:1)
  A steam dragon (D:11)
  A hungry ghost (D:10)
  29 vampire mosquitoes
  9 wargs
  19 swamp worms
  4 insubstantial wisps (Swamp:2)
  9 water moccasins
  2 soldier ants
  8 porcupines
  15 hell hounds (Lair:6)
  Duvessa (D:6)
  5 sky beasts
  Purgy (Sewer)
  13 swamp drakes
  14 black bears
  An eye of draining (D:11)
  21 orc warriors
  5 phantoms
  20 wolves
  13 ogres
  8 centaurs
  15 crocodiles
  Blork the orc (D:6)
  7 big kobolds
  14 bullfrogs
  Dowan (D:6)
  4 scorpions
  32 killer bees
  13 wights
  An electric eel (Lair:5)
  3 howler monkeys
  3 jellies
  2 crimson imps (D:11)
  A quasit (D:11)
  A bullfrog zombie (D:5)
  5 hounds
  15 orc priests
  A gnoll shaman (D:10)
  27 orc wizards
  2 centaur skeletons (D:4)
  4 iguanas
  7 hell rats (Lair:5)
  7 worker ants
  A polar bear simulacrum (Lair:5)
  4 wolf simulacra (Lair:5)
  3 big kobold zombies (Ossuary)
  A hound zombie (D:5)
  4 mummies (Ossuary)
  2 worker ant zombies
  A howler monkey skeleton (D:11)
  12 adders
  14 gnolls
  2 shadow imps (D:8)
  An adder skeleton (D:10)
  3 adder zombies (D:5)
  5 worms
  3 dart slugs
  12 leopard geckos
  61 orcs
  3 ball pythons
  7 bats
  3 bat zombies (D:9)
  10 giant cockroaches
  5 goblins (D:1)
  7 hobgoblins
  11 jackals
  22 kobolds
  8 quokkas
  9 frilled lizards
  A giant cockroach zombie (D:5)
  3 hobgoblin zombies (Ossuary)
  A leopard gecko skeleton (D:8)
  2 leopard gecko zombies
  2 orc zombies (Ossuary)
  12 rats
  2 rat zombies (D:9)
  6 river rat simulacra (Lair:5)
  A bush (Swamp:4)
  2 fungi
  6 plants
979 creatures vanquished.

Vanquished Creatures (collateral kills)
  the Lernaean hydra (Swamp:4)
  An adder (D:4)
2 creatures vanquished.

Vanquished Creatures (others)
  A spriggan (Swamp:4)
  A human (Swamp:1)
  An ogre (D:4)
  2 orc wizards (Orc:2)
  21 fungi
  44 plants
  11 spectral weapons
81 creatures vanquished.

Grand Total: 1062 creatures vanquished

Notes
Turn   | Place    | Note
-------+----------+-------------------------------------------
     0 | D:1      | KristoblXynda the Draconian Artificer began the quest for the Orb.
     0 | D:1      | Reached XP level 1. HP: 16/16 MP: 3/3
   319 | D:1      | Reached XP level 2. HP: 22/23 MP: 4/4
   597 | D:1      | Reached XP level 3. HP: 7/28 MP: 5/5
  1930 | D:2      | Reached XP level 4. HP: 35/35 MP: 6/6
  2487 | D:3      | Noticed greprep's ghost (amateur OgSk)
  2874 | D:3      | Found a faded altar of an unknown god.
  2991 | D:3      | Found a burning altar of Makhleb.
  3013 | D:3      | Reached XP level 5. HP: 18/40 MP: 8/8
  3346 | D:3      | Found a shattered altar of Ashenzari.
  3357 | D:3      | Became a worshipper of Ashenzari the Shackled
  3489 | D:3      | Gained mutation: You are dopey. (Int -2) [potion of mutation]
  3489 | D:3      | Gained mutation: You tend to lose your temper in combat. [potion of mutation]
  3489 | D:3      | Gained mutation: You evolve. [potion of mutation]
  3569 | D:4      | Gained mutation: You can translocate small distances at will. [evolution]
  3589 | D:4      | Noticed a centaur
  3604 | D:4      | Killed a centaur
  3604 | D:4      | Reached skill level 1 in Shields
  3704 | D:4      | Noticed an ogre
  3729 | D:4      | Reached XP level 6. HP: 32/47 MP: 9/9
  3848 | D:4      | Found a glowing drain.
  3872 | Sewer    | Entered a sewer
  3979 | Sewer    | Noticed Purgy
  3984 | Sewer    | Killed Purgy
  4150 | D:4      | Reached skill level 5 in Evocations
  4416 | D:4      | Your scales start taking on an icy white colour.
  4416 | D:4      | Reached XP level 7. HP: 22/52 MP: 10/10
  4416 | D:4      | Gained mutation: Your flesh is cold resistant. (rC+) [White Draconian growth]
  4584 | D:4      | Gained mutation: Your tail ends in a poisonous barb. [evolution]
  4887 | D:5      | Entered Level 5 of the Dungeon
  5141 | D:5      | Reached skill level 5 in Short Blades
  5890 | D:5      | Reached XP level 8. HP: 54/59 MP: 12/12
  5947 | D:5      | Found an opulent altar of Gozag.
  6209 | D:6      | Noticed Dowan
  6213 | D:6      | Noticed Duvessa
  6237 | D:6      | Killed Duvessa
  6241 | D:6      | Killed Dowan
  6470 | D:6      | Reached * piety under Ashenzari
  6507 | D:6      | Noticed Blork the orc
  6531 | D:6      | Killed Blork the orc
  7126 | D:6      | Found a stormy altar of Qazlal.
  7228 | D:7      | Noticed Joseph
  7258 | D:7      | Killed Joseph
  7615 | D:7      | Found a staircase to the Ecumenical Temple.
  7628 | Temple   | Entered the Ecumenical Temple
  7752 | D:7      | Reached XP level 9. HP: 71/72 MP: 14/14
  8194 | D:8      | Found a sacrificial altar of Ru.
  8267 | D:8      | Found a sand-covered staircase.
  8276 | Ossuary  | Entered an ossuary
  8348 | Ossuary  | Learned a level 3 spell: Regeneration
  8730 | D:8      | Lost mutation: You tend to lose your temper in combat. [potion of mutation]
  8730 | D:8      | Lost mutation: You are dopey. (Int -2) [potion of mutation]
  8730 | D:8      | Lost mutation: Your tail ends in a poisonous barb. [potion of mutation]
  8730 | D:8      | Lost mutation: You can translocate small distances at will. [potion of mutation]
  8730 | D:8      | Lost mutation: You evolve. [potion of mutation]
  8730 | D:8      | Gained mutation: Your tail ends in a poisonous barb. [potion of mutation]
  8730 | D:8      | Gained mutation: You can translocate small distances at will. [potion of mutation]
  8743 | D:8      | Found Emihaim's Jewellery Shoppe.
  8775 | D:8      | Reached skill level 5 in Fighting
  8780 | D:8      | Bought a +5 ring of intelligence for 494 gold pieces
  8968 | D:8      | Noticed a troll
  8996 | D:8      | Killed a troll
  9012 | D:8      | Gained mutation: You are resistant to hostile enchantments. (MR+) [mutagenic meat]
  9014 | D:8      | Gained mutation: You are covered in fur. (AC +1) [mutagenic meat]
  9015 | D:8      | Gained mutation: Your system is resistant to poisons. (rPois) [mutagenic meat]
  9016 | D:8      | Lost mutation: Your tail ends in a poisonous barb. [mutagenic meat]
  9150 | D:8      | Reached ** piety under Ashenzari
  9336 | D:8      | Noticed a two-headed ogre
  9343 | D:8      | Killed a two-headed ogre
  9348 | D:8      | Reached skill level 1 in Stealth
  9437 | D:9      | Found an ancient bone altar of Kikubaaqudgha.
  9621 | D:9      | Found a shimmering altar of Xom.
  9621 | D:9      | Found a shimmering altar of Xom.
  9634 | D:9      | Found a shimmering altar of Xom.
  9634 | D:9      | Found a shimmering altar of Xom.
  9639 | D:9      | Found a shimmering altar of Xom.
  9648 | D:9      | Found a shimmering altar of Xom.
  9648 | D:9      | Found a shimmering altar of Xom.
  9652 | D:9      | Reached XP level 10. HP: 69/81 MP: 16/16
  9853 | D:9      | Noticed a two-headed hydra
  9854 | D:9      | Noticed a water nymph
  9854 | D:9      | a dream sheep changed into a water nymph
  9883 | D:9      | Found a radiant altar of Vehumet.
 10102 | D:9      | Found a white marble altar of Elyvilon.
 10102 | D:9      | Found a glowing golden altar of the Shining One.
 10103 | D:9      | Found a glowing silver altar of Zin.
 10170 | D:9      | Killed a two-headed hydra
 10170 | D:9      | Reached skill level 5 in Dodging
 10485 | D:9      | Killed a water nymph
 10485 | D:9      | Reached skill level 1 in Spellcasting
 10518 | D:9      | Identified the cursed +0 halberd of Qimuilak {venom, MR++ Dex+7} (You took it off a big kobold on level 9 of the Dungeon)
 10826 | D:9      | Noticed Grum
 10828 | D:9      | Noticed a moth of wrath
 10846 | D:9      | Killed Grum
 11235 | D:9      | Reached skill level 1 in Charms
 11552 | D:9      | Found a bloodstained altar of Trog.
 11578 | D:9      | Killed a moth of wrath
 11622 | D:10     | Entered Level 10 of the Dungeon
 11725 | D:10     | Reached XP level 11. HP: 71/86 MP: 18/18
 11960 | D:10     | Reached skill level 10 in Evocations
 12408 | D:10     | Noticed Erolcha
 12596 | D:10     | Noticed a two-headed ogre
 12608 | D:10     | Killed a two-headed ogre
 12608 | D:10     | Reached skill level 5 in Stealth
 12781 | D:10     | Killed Erolcha
 12781 | D:10     | Reached skill level 10 in Short Blades
 13160 | D:11     | Noticed a four-headed hydra
 13166 | D:11     | Killed a four-headed hydra
 13221 | D:11     | Killed an unseen horror
 13228 | D:11     | Reached *** piety under Ashenzari
 13377 | D:11     | Found a staircase to the Lair.
 13706 | D:11     | Found Jiqak's Weapon Emporium.
 13706 | D:11     | Found a staircase to the Orcish Mines.
 13707 | D:11     | Noticed an orc knight
 13747 | D:11     | Reached skill level 5 in Spellcasting
 14088 | D:11     | Noticed a two-headed ogre
 14566 | D:11     | Killed an orc knight
 14566 | D:11     | Reached XP level 12. HP: 94/94 MP: 18/20
 14835 | D:11     | Killed a two-headed ogre
 15165 | D:12     | Noticed a two-headed ogre
 15176 | D:12     | Killed a two-headed ogre
 15176 | D:12     | Reached skill level 5 in Charms
 15176 | D:12     | Reached skill level 1 in Necromancy
 15408 | D:12     | Found a snail-covered altar of Cheibriados.
 15439 | D:12     | Found Archisot's Weapon Shop.
 15755 | D:12     | Noticed a seven-headed hydra
 15766 | D:12     | Killed a seven-headed hydra
 16065 | D:13     | Noticed a two-headed ogre
 16093 | D:13     | Killed a two-headed ogre
 16317 | D:13     | HP: 4/94 [meliai/divine providence (15)]
 16332 | D:13     | HP: 4/94 [meliai/divine providence (13)]
 16712 | Lair:1   | Entered Level 1 of the Lair of Beasts
 16729 | Lair:1   | Reached **** piety under Ashenzari
 18555 | Lair:2   | Reached XP level 13. HP: 100/100 MP: 24/24
 19758 | Lair:3   | Noticed Prince Ribbit
 19776 | Lair:3   | Killed Prince Ribbit
 20014 | Lair:3   | Reached ***** piety under Ashenzari
 20221 | Lair:3   | Noticed Sonja
 20234 | Lair:3   | Killed Sonja
 20712 | Lair:4   | Found a dark tunnel.
 20720 | Volcano  | Entered a volcano
 21066 | Lair:4   | Reached skill level 5 in Shields
 21733 | Lair:4   | Found a staircase to the Swamp.
 22021 | Lair:4   | Found a hole to the Spider Nest.
 23381 | Lair:5   | Found a viscous altar of Jiyva.
 23389 | Lair:5   | Found a staircase to the Slime Pits.
 23678 | Lair:5   | Reached XP level 14. HP: 111/111 MP: 27/27
 23694 | Lair:5   | Reached skill level 10 in Stealth
 23860 | Lair:6   | Entered Level 6 of the Lair of Beasts
 24966 | Lair:1   | Learned a level 5 spell: Lightning Bolt
 24969 | D:11     | Lost mutation: Your system is resistant to poisons. (rPois) [potion of mutation]
 24969 | D:11     | Lost mutation: You are resistant to hostile enchantments. (MR+) [potion of mutation]
 24969 | D:11     | Lost mutation: You are covered in fur. (AC +1) [potion of mutation]
 24969 | D:11     | Gained mutation: Your large and strong wings let you fly indefinitely. [potion of mutation]
 24969 | D:11     | Gained mutation: You have supernaturally acute eyesight. (SInv) [potion of mutation]
 24970 | D:11     | Lost mutation: You have supernaturally acute eyesight. (SInv) [potion of mutation]
 24970 | D:11     | Lost mutation: You can translocate small distances at will. [potion of mutation]
 24970 | D:11     | Lost mutation: Your large and strong wings let you fly indefinitely. [potion of mutation]
 24970 | D:11     | Gained mutation: You do not regenerate when monsters are visible. [potion of mutation]
 24970 | D:11     | Gained mutation: You have a pair of small horns on your head. [potion of mutation]
 24971 | D:11     | Lost mutation: You do not regenerate when monsters are visible. [potion of mutation]
 24971 | D:11     | Lost mutation: You have a pair of small horns on your head. [potion of mutation]
 24971 | D:11     | Gained mutation: Your muscles are strong. (Str +2) [potion of mutation]
 24971 | D:11     | Gained mutation: Your tail ends in a poisonous barb. [potion of mutation]
 24971 | D:11     | Gained mutation: Your system is resistant to poisons. (rPois) [potion of mutation]
 25121 | D:13     | Reached skill level 1 in Conjurations
 25219 | Orc:1    | Entered Level 1 of the Orcish Mines
 25229 | Orc:1    | Found Cukh's Distillery.
 25233 | Orc:1    | Found Xilim's Armour Shoppe.
 25450 | Orc:1    | Noticed Josephine
 25469 | Orc:1    | Killed Josephine
 25625 | Orc:1    | Found Gipsa's Book Shoppe.
 25886 | Orc:1    | Found Oplodoh's Magic Scroll Emporium.
 25894 | Orc:1    | Bought a scroll of enchant weapon for 135 gold pieces
 25894 | Orc:1    | Bought a scroll of remove curse for 54 gold pieces
 25894 | Orc:1    | Bought a scroll of teleportation for 54 gold pieces
 25894 | Orc:1    | Bought a scroll of remove curse for 54 gold pieces
 26099 | Orc:2    | Entered Level 2 of the Orcish Mines
 26140 | Orc:2    | Reached skill level 10 in Spellcasting
 26309 | Orc:2    | Found a staircase to the Elven Halls.
 26314 | Orc:2    | Noticed an orc warlord
 26334 | Orc:2    | Reached skill level 1 in Air Magic
 26369 | Orc:2    | Killed an orc warlord
 26680 | Orc:2    | Found Wodoijig's Antique Weapon Emporium.
 26732 | Orc:2    | Noticed Donald
 26775 | Orc:2    | Killed Donald
 27023 | Orc:2    | Found Ixuodira's Book Shop.
 27308 | Orc:2    | Bought a book of Misfortune for 320 gold pieces
 27312 | Orc:2    | Learned a level 3 spell: Confuse
 27323 | Orc:2    | Found a radiant altar of Vehumet.
 27363 | Orc:2    | Reached XP level 15. HP: 108/116 MP: 29/29
 27369 | Orc:2    | Found an ancient bone altar of Kikubaaqudgha.
 27384 | Orc:2    | Reached skill level 1 in Hexes
 27388 | Orc:2    | Found Gajitw Alie's Magic Scroll Boutique.
 27396 | Orc:2    | Bought a scroll of remove curse for 54 gold pieces
 27396 | Orc:2    | Bought a scroll of enchant weapon for 135 gold pieces
 27396 | Orc:2    | Bought a scroll of enchant armour for 135 gold pieces
 27396 | Orc:2    | Bought a scroll of remove curse for 54 gold pieces
 27449 | Orc:2    | Found a roughly hewn altar of Beogh.
 27449 | Orc:2    | Found Aluczipn's Book Shop.
 27488 | Orc:2    | Found Ogius's Antique Armour Boutique.
 27529 | Orc:2    | Bought a transparent hat for 252 gold pieces
 27535 | Orc:2    | Identified the cursed +0 hat of Decompression {SInv} (You bought it in a shop on level 2 of the Orcish Mines)
 28938 | Lair:6   | Paralysed by a hornet for 2 turns
 29828 | Lair:6   | Reached skill level 5 in Conjurations
 30293 | Lair:6   | Reached skill level 5 in Air Magic
 30743 | Lair:6   | Found a runed door.
 31037 | Lair:1   | Learned a level 3 spell: Spectral Weapon
 31162 | Swamp:1  | Entered Level 1 of the Swamp
 31267 | Swamp:1  | Noticed Nikola
 31283 | Swamp:1  | Killed Nikola
 31544 | Swamp:1  | Noticed Kirke
 31576 | Swamp:1  | Killed Kirke
 31612 | Swamp:1  | Reached skill level 10 in Shields
 32429 | Swamp:2  | Reached ****** piety under Ashenzari
 32454 | Swamp:2  | Reached XP level 16. HP: 21/124 MP: 17/31
 32908 | Swamp:2  | Reached skill level 5 in Hexes
 33301 | Swamp:2  | Noticed a thorn hunter
 33310 | Swamp:2  | Killed a thorn hunter
 34185 | Swamp:3  | Noticed Jorgrun
 34216 | Swamp:3  | Killed Jorgrun
 35403 | Swamp:4  | Entered Level 4 of the Swamp
 35727 | Swamp:4  | HP: 2/124 [seven-headed hydra (13)]
 36357 | Swamp:4  | Noticed a thorn hunter
 36391 | Swamp:4  | Killed a thorn hunter
 36980 | Swamp:4  | Noticed the 27-headed Lernaean hydra
 37370 | Swamp:4  | Noticed Louise
 37373 | Swamp:4  | Cast into level 3 of the Abyss (Louise)
 37389 | Swamp:4  | Escaped the Abyss
 37402 | Swamp:4  | Killed Louise
 37553 | Swamp:4  | Reached XP level 17. HP: 65/134 MP: 13/33
 38381 | Swamp:4  | Killed the 27-headed Lernaean hydra
 38411 | Swamp:4  | Got a decaying rune of Zot
 38516 | Swamp:4  | Paralysed by a hornet for 3 turns
 38517 | Swamp:4  | HP: 6/136 [hornet[a shambling mangrove] (4)]
 38518 | Swamp:4  | HP: 1/136 [hornet[a shambling mangrove] (3)]
 38518 | Swamp:4  | Mangled by a hornet

Skill      XL: |  1  2  3  4  5  6  7  8  9 10 11 12 13 14 15 16 17 |
---------------+----------------------------------------------------+-----
Dodging        | 2 3 4 5 7 8 |  8.8
Short Blades   | 2 3 4 5 6 8 9 10 | 10.6
Evocations     | 4 5 6 7 9 10 | 10.5
Shields        | 1 2 4 6 8 10 12 | 12.2
Fighting       | 4 5 6 7 8 |  8.4
Stealth        | 1 4 6 8 9 10 | 10.6
Spellcasting   | 3 5 7 9 10 11 12 | 12.8
Charms         | 1 4 6 |  6.6
Necromancy     | 4 |  4.6
Conjurations   | 3 6 7 |  7.4
Air Magic      | 2 5 |  5.4
Hexes          | 4 7 |  7.0

Action                   |  1- 3 |  4- 6 |  7- 9 | 10-12 | 13-15 | 16-18 || total
-------------------------+-------+-------+-------+-------+-------+-------++-------
Melee: Short sword       |   127 |   243 |   198 |       |       |       ||   568
       Tailslap          |     9 |    26 |    60 |   112 |   402 |   116 ||   725
       Rapier            |       |       |   313 |  1126 |  2321 |   710 ||  4470
 Cast: Regeneration      |       |       |       |     1 |    10 |    11 ||    22
       Confuse           |       |       |       |       |    12 |    48 ||    60
       Spectral Weapon   |       |       |       |       |    10 |    17 ||    27
       Lightning Bolt    |       |       |       |       |       |     3 ||     3
Invok: Curse Item        |       |     1 |     3 |     3 |     4 |       ||    11
 Abil: Breathe Frost     |       |       |     5 |     7 |     1 |       ||    13
Evoke: Wand              |     7 |    20 |    12 |    31 |    31 |     8 ||   109
       Lightning rod     |       |       |       |       |     8 |     1 ||     9
       Phial of floods   |       |       |       |       |     1 |       ||     1
       Phantom mirror    |       |       |       |       |       |     1 ||     1
  Use: Scroll            |       |    14 |    20 |    14 |    21 |     8 ||    77
       Potion            |       |     2 |     4 |     7 |    15 |     6 ||    34
 Stab: Sleeping          |     3 |     5 |     1 |    19 |    23 |     9 ||    60
       Distracted        |       |       |     2 |     2 |     9 |     5 ||    18
       Paralysed         |       |       |     2 |     7 |       |       ||     9
       Confused          |       |       |       |       |     6 |    18 ||    24
       Invisible         |       |       |       |       |     1 |       ||     1
       Petrifying        |       |       |       |       |     2 |       ||     2
       Petrified         |       |       |       |       |     2 |       ||     2
  Eat: Chunk             |     3 |     2 |    21 |    10 |    25 |       ||    61
       Fruit             |       |     1 |     1 |    10 |    16 |     5 ||    33
       Meat ration       |       |     1 |       |       |       |     2 ||     3
       Royal jelly       |       |       |     1 |     6 |     4 |     4 ||    15
Armor: Skin              |    44 |    43 |    85 |   175 |   326 |   128 ||   801
Dodge: Dodged            |    91 |   170 |   244 |   516 |  1088 |   469 ||  2578
Block: Buckler           |       |    25 |    89 |   206 |    46 |       ||   366
       Shield            |       |       |       |       |  1130 |   552 ||  1682
       Reflection        |       |       |       |       |     1 |    15 ||    16
